[ AOE2 MATCH · #459497515 ]
UnrankedHuns vs Japanese
[ REPLAY ANALYSIS · EXTRACTED FROM THE RECORDED GAME ]
Feudal
13:03
Castle
21:33
Imperial
—
| APM avg | 11.1 |
| APM peak | 62 |
| eAPM avg | 10.0 |
| Villagers / military | 158 / 9 |
Focus
⚔️ 13.3% · 🌾 86.7%
Trade Cart ×20 · Tarkan ×9
Feudal
12:38
Castle
17:18
Imperial
—
| APM avg | 12.1 |
| APM peak | 29 |
| eAPM avg | 9.6 |
| Villagers / military | 95 / 16 |
Focus
⚔️ 9.7% · 🌾 90.3%
Knight ×11 · Spearman ×5
Feudal
11:32
Castle
20:32
Imperial
—
| APM avg | 13.6 |
| APM peak | 32 |
| eAPM avg | 8.7 |
| Villagers / military | 79 / 30 |
Focus
⚔️ 20.5% · 🌾 79.5%
Spearman ×13 · Scorpion ×10 · Trade Cart ×8 · Mangonel ×7
Feudal
10:32
Castle
15:23
Imperial
31:17
| APM avg | 16.2 |
| APM peak | 27 |
| eAPM avg | 11.8 |
| Villagers / military | 130 / 29 |
Focus
⚔️ 12.2% · 🌾 87.8%
Samurai ×25 · Trade Cart ×4 · Battering Ram ×2 · Monk ×1 · Mangonel ×1
Feudal
—
Castle
—
Imperial
—
| APM avg | 22.9 |
| APM peak | 42 |
| eAPM avg | 15.8 |
| Villagers / military | 123 / 34 |
Focus
⚔️ 19.8% · 🌾 80.2%
Genoese Crossbowman ×29 · Unknown (882) ×21 · Mangonel ×2 · Trebuchet (Packed) ×2 · Monk ×1
Feudal
10:33
Castle
15:48
Imperial
27:28
| APM avg | 25.4 |
| APM peak | 49 |
| eAPM avg | 17.0 |
| Villagers / military | 157 / 10 |
Focus
⚔️ 20.1% · 🌾 79.9%
Unknown (882) ×27 · Battering Ram ×7 · Mangonel ×2 · Monk ×1
Match map
Initial resources + every placement click. Lines = walls · curves = elevation contours. ◆ gold · ⬟ stone · ● berries · ✦ relic · ◌ wall gap
Your base· ✓ Closed at 21:33 · 0t walls · no gate
KaktusakCZ's base· ✓ Closed at 17:18 · 9t walls · fragile
Kokotushar z Kokotharu's base· ✓ Closed at 20:32 · 17t walls · no gate
EvilSyd's base· Open — unwalled flank
Meipul Tri's base· ✓ Closed at 14:54 · 14t walls · 2 gate(s)
goodgraces1317's base· ✓ Closed at 15:48 · 10t walls · fragile
Smoothed initial terrain · ◌ = detected wall gap · hover for details
Inputs per minute
— Vaclav - - KaktusakCZ
Build order — Vaclav
First 150 of 217 actions detected
| 0:02 | Create | Villager (Male) |
| 0:03 | Create | Villager (Male) |
| 0:03 | Create | Villager (Male) |
| 0:03 | Create | Villager (Male) |
| 1:39 | Create | Villager (Male) |
| 2:05 | Create | Villager (Male) |
| 2:23 | Create | Villager (Male) |
| 2:41 | Create | Villager (Male) |
| 3:16 | Create | Villager (Male) |
| 3:22 | Create | Villager (Male) |
| 3:53 | Create | Villager (Male) |
| 4:00 | Create | Villager (Male) |
| 4:16 | Create | Villager (Male) |
| 4:34 | Create | Villager (Male) |
| 5:38 | Create | Villager (Male) |
| 5:39 | Create | Villager (Male) |
| 5:39 | Create | Villager (Male) |
| 5:48 | Build | Mill |
| 6:05 | Build | Lumber Camp |
| 7:07 | Create | Villager (Male) |
| 7:07 | Create | Villager (Male) |
| 7:07 | Create | Villager (Male) |
| 7:07 | Create | Villager (Male) |
| 7:08 | Create | Villager (Male) |
| 7:28 | Create | Villager (Male) |
| 7:30 | Create | Villager (Male) |
| 7:30 | Create | Villager (Male) |
| 7:30 | Create | Villager (Male) |
| 8:08 | Create | Villager (Male) |
| 8:27 | Create | Villager (Male) |
| 8:28 | Create | Villager (Male) |
| 9:34 | Build | Farm |
| 9:35 | Build | Farm |
| 9:36 | Build | Farm |
| 9:38 | Build | Farm |
| 9:40 | Build | Farm |
| 9:41 | Build | Farm |
| 9:44 | Build | Farm |
| 9:49 | Create | Villager (Male) |
| 9:50 | Create | Villager (Male) |
| 10:33 | Research | Feudal Age |
| 10:36 | Create | Villager (Male) |
| 10:37 | Create | Villager (Male) |
| 10:53 | Build | Farm |
| 11:01 | Create | Villager (Male) |
| 11:02 | Create | Villager (Male) |
| 11:33 | Research | Loom |
| 11:37 | Create | Villager (Male) |
| 11:37 | Create | Villager (Male) |
| 11:37 | Create | Villager (Male) |
| 11:37 | Create | Villager (Male) |
| 11:38 | Create | Villager (Male) |
| 13:03 | Age | Feudal Age |
| 13:08 | Build | Market |
| 13:21 | Build | Blacksmith |
| 14:01 | Research | Horse Collar |
| 14:06 | Research | Double-Bit Axe |
| 14:33 | Build | Farm |
| 14:34 | Build | Farm |
| 14:40 | Build | Farm |
| 15:02 | Create | Villager (Male) |
| 15:02 | Create | Villager (Male) |
| 15:02 | Create | Villager (Male) |
| 15:03 | Create | Villager (Male) |
| 15:11 | Build | Farm |
| 15:12 | Build | Farm |
| 15:23 | Research | Scale Barding Armor |
| 15:25 | Research | Forging |
| 16:07 | Create | Villager (Male) |
| 16:50 | Build | Farm |
| 16:52 | Build | Farm |
| 16:53 | Build | Farm |
| 16:54 | Build | Farm |
| 16:55 | Build | Farm |
| 16:57 | Build | Farm |
| 17:13 | Create | Villager (Male) |
| 17:28 | Create | Villager (Male) |
| 17:49 | Create | Villager (Male) |
| 17:50 | Create | Villager (Male) |
| 18:40 | Research | Castle Age |
| 19:01 | Build | Mining Camp |
| 21:25 | Create | Villager (Male) |
| 21:25 | Create | Villager (Male) |
| 21:26 | Create | Villager (Male) |
| 21:26 | Create | Villager (Male) |
| 21:26 | Create | Villager (Male) |
| 21:26 | Create | Villager (Male) |
| 21:33 | Age | Castle Age |
| 21:43 | Build | Town Center |
| 21:49 | Build | Town Center |
| 22:01 | Build | Town Center |
| 22:13 | Create | Villager (Male) |
| 22:13 | Create | Villager (Male) |
| 22:14 | Create | Villager (Male) |
| 22:19 | Research | Heavy Plow |
| 22:21 | Research | Bow Saw |
| 22:24 | Research | Stone Mining |
| 22:25 | Research | Gold Mining |
| 23:12 | Build | Town Center |
| 24:22 | Create | Villager (Male) |
| 24:23 | Create | Villager (Male) |
| 24:23 | Create | Villager (Male) |
| 24:23 | Create | Villager (Male) |
| 24:29 | Create | Villager (Male) |
| 24:29 | Create | Villager (Male) |
| 24:29 | Create | Villager (Male) |
| 24:29 | Create | Villager (Male) |
| 24:30 | Create | Villager (Male) |
| 24:40 | Create | Villager (Male) |
| 24:40 | Create | Villager (Male) |
| 24:41 | Create | Villager (Male) |
| 24:41 | Create | Villager (Male) |
| 24:41 | Create | Villager (Male) |
| 24:50 | Create | Villager (Male) ×5 |
| 24:51 | Create | Villager (Male) ×5 |
| 24:51 | Create | Villager (Male) ×5 |
| 24:51 | Create | Villager (Male) ×5 |
| 26:22 | Create | Villager (Male) |
| 26:22 | Create | Villager (Male) |
| 26:26 | Create | Villager (Male) ×5 |
| 26:26 | Create | Villager (Male) ×5 |
| 26:26 | Create | Villager (Male) ×5 |
| 26:26 | Create | Villager (Male) |
| 26:44 | Build | Farm |
| 26:45 | Build | Farm |
| 26:46 | Build | Farm |
| 26:47 | Build | Farm |
| 26:48 | Build | Farm |
| 26:50 | Build | Farm |
| 26:51 | Build | Farm |
| 26:53 | Build | Farm |
| 26:55 | Build | Farm |
| 26:56 | Build | Farm |
| 26:57 | Build | Farm |
| 26:58 | Build | Farm |
| 27:04 | Create | Villager (Male) |
| 27:04 | Create | Villager (Male) |
| 27:04 | Create | Villager (Male) |
| 27:04 | Create | Villager (Male) |
| 27:05 | Create | Villager (Male) |
| 27:05 | Create | Villager (Male) |
| 27:05 | Create | Villager (Male) |
| 27:39 | Create | Villager (Male) |
| 27:39 | Create | Villager (Male) |
| 27:39 | Create | Villager (Male) |
| 27:39 | Create | Villager (Male) |
| 27:40 | Create | Villager (Male) |
| 27:40 | Create | Villager (Male) |
| 28:15 | Create | Villager (Male) |
| 28:15 | Create | Villager (Male) |
Build order — KaktusakCZ
First 150 of 217 actions detected
| 0:03 | Build | House |
| 0:05 | Create | Villager (Male) |
| 0:05 | Create | Villager (Male) |
| 0:05 | Create | Villager (Male) |
| 0:05 | Create | Villager (Male) |
| 0:07 | Build | House |
| 1:43 | Create | Villager (Male) |
| 1:43 | Create | Villager (Male) |
| 2:05 | Create | Villager (Male) |
| 2:32 | Create | Villager (Male) |
| 3:11 | Create | Villager (Male) |
| 3:11 | Create | Villager (Male) |
| 3:35 | Create | Villager (Male) |
| 3:53 | Create | Villager (Male) |
| 4:04 | Create | Villager (Male) |
| 4:10 | Build | House |
| 4:21 | Build | Lumber Camp |
| 4:28 | Create | Villager (Male) |
| 5:06 | Create | Villager (Male) |
| 6:08 | Create | Villager (Male) |
| 6:09 | Create | Villager (Male) |
| 6:22 | Create | Villager (Male) |
| 6:30 | Build | House |
| 6:34 | Build | House |
| 6:42 | Build | Mill |
| 6:50 | Create | Villager (Male) |
| 7:33 | Create | Villager (Male) |
| 7:34 | Create | Villager (Male) |
| 7:35 | Create | Villager (Male) |
| 7:39 | Create | Villager (Male) |
| 8:04 | Create | Villager (Male) |
| 9:18 | Create | Villager (Male) |
| 9:18 | Create | Villager (Male) |
| 9:39 | Build | Mill |
| 10:24 | Research | Feudal Age |
| 10:55 | Build | Mining Camp |
| 11:49 | Create | Villager (Male) |
| 11:56 | Create | Villager (Male) |
| 12:13 | Build | Mill |
| 12:32 | Build | House |
| 12:38 | Age | Feudal Age |
| 12:48 | Build | Blacksmith |
| 13:03 | Build | Market |
| 14:38 | Research | Castle Age |
| 15:13 | Build | Stone Wall |
| 15:21 | Create | Villager (Male) |
| 16:40 | Create | Villager (Male) |
| 16:42 | Create | Villager (Male) |
| 16:53 | Build | Farm |
| 16:54 | Build | Farm |
| 16:54 | Build | Farm |
| 16:55 | Build | Farm |
| 16:57 | Build | Farm |
| 16:58 | Build | Farm |
| 16:59 | Build | Farm |
| 17:04 | Research | Horse Collar |
| 17:11 | Research | Double-Bit Axe |
| 17:18 | Age | Castle Age |
| 17:40 | Build | Stone Wall |
| 17:54 | Build | Town Center |
| 18:06 | Create | Villager (Male) |
| 18:30 | Research | Wheelbarrow |
| 18:45 | Research | Heavy Plow |
| 19:16 | Create | Villager (Male) |
| 19:31 | Build | House |
| 19:36 | Build | House |
| 19:36 | Build | House |
| 19:40 | Build | House |
| 19:43 | Build | House |
| 19:45 | Build | House |
| 19:57 | Build | House |
| 20:03 | Create | Villager (Male) |
| 20:04 | Create | Villager (Male) |
| 20:04 | Create | Villager (Male) |
| 20:05 | Create | Villager (Male) |
| 20:44 | Build | Farm |
| 20:44 | Build | Farm |
| 20:44 | Build | Farm |
| 21:23 | Create | Villager (Male) |
| 21:24 | Create | Villager (Male) |
| 21:24 | Create | Villager (Male) |
| 21:24 | Create | Villager (Male) |
| 21:25 | Create | Villager (Male) |
| 21:39 | Build | Farm |
| 21:39 | Build | Farm |
| 21:40 | Build | Farm |
| 21:40 | Build | Farm |
| 21:41 | Build | Farm |
| 21:42 | Build | Farm |
| 22:24 | Build | House |
| 22:25 | Build | House |
| 22:26 | Build | House |
| 22:27 | Build | House |
| 22:31 | Build | House |
| 22:33 | Build | House |
| 22:36 | Build | House |
| 22:39 | Build | House |
| 22:40 | Build | House |
| 22:41 | Build | House |
| 22:48 | Create | Villager (Male) |
| 22:49 | Create | Villager (Male) |
| 22:49 | Create | Villager (Male) |
| 22:50 | Create | Villager (Male) |
| 22:50 | Create | Villager (Male) |
| 22:50 | Create | Villager (Male) |
| 23:45 | Research | Bow Saw |
| 23:49 | Create | Villager (Male) |
| 23:49 | Create | Villager (Male) |
| 23:50 | Create | Villager (Male) |
| 23:50 | Create | Villager (Male) |
| 24:09 | Build | Monastery |
| 24:14 | Build | University |
| 24:27 | Build | Barracks |
| 24:34 | Build | Palisade Gate |
| 24:38 | Build | Palisade Gate |
| 25:02 | Build | Gate |
| 25:04 | Create | Villager (Male) |
| 25:05 | Create | Villager (Male) |
| 25:05 | Create | Villager (Male) |
| 25:06 | Create | Villager (Male) |
| 25:06 | Create | Villager (Male) |
| 25:07 | Create | Villager (Male) |
| 25:07 | Create | Villager (Male) |
| 25:22 | Build | Town Center |
| 25:31 | Create | Villager (Male) |
| 25:31 | Create | Villager (Male) |
| 25:32 | Create | Villager (Male) |
| 25:32 | Create | Villager (Male) |
| 25:43 | Build | Farm |
| 25:44 | Build | Farm |
| 25:44 | Build | Farm |
| 25:44 | Build | Farm |
| 25:45 | Build | Farm |
| 25:45 | Build | Farm |
| 25:45 | Build | Farm |
| 25:46 | Build | Farm |
| 25:47 | Build | Farm |
| 25:47 | Build | Farm |
| 26:32 | Research | Hand Cart |
| 26:55 | Build | House |
| 26:56 | Build | House |
| 26:58 | Build | House |
| 27:02 | Build | House |
| 27:04 | Build | House |
| 27:10 | Build | House |
| 27:11 | Build | House |
| 27:13 | Build | House |
| 27:15 | Build | House |
| 27:16 | Build | House |
| 27:35 | Create | Villager (Male) |
Build order — Kokotushar z Kokotharu
First 150 of 193 actions detected
| 0:01 | Create | Villager (Male) |
| 0:01 | Create | Villager (Male) |
| 0:02 | Create | Villager (Male) |
| 0:02 | Create | Villager (Male) |
| 0:04 | Build | House |
| 0:06 | Build | House |
| 1:25 | Create | Villager (Male) |
| 2:03 | Create | Villager (Male) |
| 2:19 | Create | Villager (Male) |
| 2:44 | Build | Lumber Camp |
| 2:47 | Create | Villager (Male) |
| 3:12 | Create | Villager (Male) |
| 3:30 | Create | Villager (Male) |
| 3:37 | Build | House |
| 3:41 | Create | Villager (Male) |
| 4:14 | Create | Villager (Male) |
| 4:33 | Create | Villager (Male) |
| 5:00 | Create | Villager (Male) |
| 5:32 | Build | House |
| 5:46 | Create | Villager (Male) |
| 6:19 | Create | Villager (Male) |
| 6:20 | Create | Villager (Male) |
| 6:20 | Create | Villager (Male) |
| 6:30 | Build | Mining Camp |
| 6:41 | Research | Loom |
| 8:05 | Build | Mill |
| 8:10 | Create | Villager (Male) |
| 9:22 | Research | Feudal Age |
| 11:32 | Age | Feudal Age |
| 11:39 | Build | Palisade Wall |
| 11:43 | Research | Wheelbarrow |
| 11:44 | Research | Double-Bit Axe |
| 12:38 | Build | Market |
| 12:45 | Build | Blacksmith |
| 12:55 | Create | Villager (Male) |
| 13:15 | Build | House |
| 14:02 | Build | Farm |
| 14:05 | Build | Farm |
| 14:10 | Build | Farm |
| 14:11 | Build | Farm |
| 14:13 | Build | Farm |
| 14:14 | Build | Farm |
| 14:15 | Build | Farm |
| 14:15 | Build | Farm |
| 14:16 | Build | Farm |
| 14:17 | Build | Farm |
| 14:18 | Build | Farm |
| 14:22 | Build | Farm |
| 14:28 | Create | Villager (Male) |
| 14:29 | Create | Villager (Male) |
| 15:37 | Build | Farm |
| 15:38 | Build | Farm |
| 15:41 | Create | Villager (Male) |
| 15:42 | Create | Villager (Male) |
| 15:53 | Build | House |
| 15:55 | Build | House |
| 16:25 | Create | Villager (Male) |
| 16:40 | Build | Farm |
| 17:03 | Create | Villager (Male) |
| 17:52 | Research | Castle Age |
| 20:32 | Age | Castle Age |
| 20:37 | Research | Bow Saw |
| 20:39 | Research | Horse Collar |
| 20:52 | Create | Villager (Male) |
| 20:54 | Research | Hand Cart |
| 20:55 | Create | Villager (Male) |
| 21:03 | Build | Town Center |
| 21:11 | Research | Heavy Plow |
| 21:18 | Research | Gold Mining |
| 21:19 | Research | Stone Mining |
| 21:23 | Create | Villager (Male) |
| 21:24 | Create | Villager (Male) |
| 21:25 | Create | Villager (Male) |
| 21:27 | Create | Villager (Male) |
| 21:55 | Build | Town Center |
| 22:03 | Build | Lumber Camp |
| 22:20 | Research | Gold Shaft Mining |
| 22:37 | Build | University |
| 22:48 | Build | House |
| 22:49 | Build | House |
| 22:51 | Build | House |
| 22:52 | Build | House |
| 22:53 | Build | House |
| 22:54 | Build | House |
| 22:55 | Build | House |
| 22:56 | Build | House |
| 23:00 | Build | House |
| 23:01 | Build | House |
| 23:02 | Build | House |
| 23:03 | Build | House |
| 23:04 | Build | House |
| 23:05 | Build | House |
| 23:44 | Create | Villager (Male) |
| 23:45 | Create | Villager (Male) |
| 23:45 | Create | Villager (Male) |
| 23:45 | Create | Villager (Male) |
| 23:46 | Create | Villager (Male) |
| 23:46 | Create | Villager (Male) |
| 23:50 | Create | Villager (Male) |
| 23:50 | Create | Villager (Male) |
| 23:50 | Create | Villager (Male) |
| 23:51 | Create | Villager (Male) |
| 23:51 | Create | Villager (Male) |
| 23:51 | Create | Villager (Male) |
| 23:53 | Create | Villager (Male) |
| 24:24 | Create | Villager (Male) |
| 24:24 | Create | Villager (Male) |
| 24:52 | Create | Villager (Male) |
| 24:52 | Create | Villager (Male) |
| 24:52 | Create | Villager (Male) |
| 24:53 | Create | Villager (Male) |
| 24:53 | Create | Villager (Male) |
| 24:56 | Create | Villager (Male) |
| 24:57 | Create | Villager (Male) |
| 25:16 | Build | Barracks |
| 25:17 | Build | Barracks |
| 25:18 | Build | Barracks |
| 25:19 | Build | Barracks |
| 25:20 | Build | Barracks |
| 25:42 | Build | Mining Camp |
| 25:54 | Build | Farm |
| 25:58 | Build | Farm |
| 26:42 | Build | Barracks |
| 26:43 | Build | Barracks |
| 26:44 | Build | Barracks |
| 26:56 | Create | Villager (Male) |
| 26:56 | Create | Villager (Male) |
| 26:56 | Create | Villager (Male) |
| 26:57 | Create | Villager (Male) |
| 26:57 | Create | Villager (Male) |
| 26:58 | Create | Villager (Male) |
| 26:58 | Create | Villager (Male) |
| 26:59 | Create | Villager (Male) |
| 27:07 | Research | Stone Shaft Mining |
| 27:36 | Build | House |
| 27:38 | Build | House |
| 27:40 | Build | House |
| 28:18 | Create | Villager (Male) |
| 28:18 | Create | Villager (Male) |
| 28:18 | Create | Villager (Male) |
| 28:19 | Create | Villager (Male) |
| 28:19 | Create | Villager (Male) |
| 28:19 | Create | Villager (Male) |
| 28:20 | Create | Villager (Male) |
| 28:21 | Create | Villager (Male) |
| 28:34 | Create | Villager (Male) |
| 28:35 | Create | Villager (Male) |
| 28:35 | Create | Villager (Male) |
| 28:35 | Create | Villager (Male) |
| 28:39 | Create | Trade Cart |
Build order — EvilSyd
First 150 of 256 actions detected
| 0:02 | Create | Villager (Male) ×4 |
| 0:02 | Create | Villager (Male) ×4 |
| 0:05 | Build | House |
| 0:08 | Build | House |
| 1:39 | Create | Villager (Male) |
| 1:39 | Create | Villager (Male) |
| 1:48 | Build | Lumber Camp |
| 2:03 | Create | Villager (Male) |
| 2:03 | Create | Villager (Male) |
| 2:17 | Create | Villager (Male) |
| 2:17 | Create | Villager (Male) |
| 2:51 | Create | Villager (Male) |
| 2:52 | Create | Villager (Male) |
| 3:02 | Create | Villager (Male) |
| 3:02 | Create | Villager (Male) |
| 3:35 | Create | Villager (Male) |
| 3:36 | Create | Villager (Male) |
| 3:36 | Create | Villager (Male) |
| 3:49 | Build | House |
| 4:25 | Create | Villager (Male) |
| 4:25 | Create | Villager (Male) |
| 4:25 | Create | Villager (Male) |
| 4:41 | Create | Villager (Male) |
| 4:41 | Create | Villager (Male) |
| 5:11 | Create | Villager (Male) |
| 5:11 | Create | Villager (Male) |
| 5:36 | Build | House |
| 5:41 | Create | Villager (Male) |
| 5:41 | Create | Villager (Male) |
| 6:11 | Build | House |
| 6:16 | Create | Villager (Male) |
| 6:16 | Create | Villager (Male) |
| 6:32 | Build | Mill |
| 6:46 | Research | Loom |
| 7:10 | Build | Mining Camp |
| 7:22 | Create | Villager (Male) |
| 7:22 | Create | Villager (Male) |
| 7:48 | Research | Feudal Age |
| 9:13 | Create | Villager (Male) |
| 9:13 | Create | Villager (Male) |
| 10:32 | Age | Feudal Age |
| 10:37 | Build | Market |
| 11:15 | Research | Double-Bit Axe |
| 11:38 | Create | Villager (Male) |
| 11:43 | Create | Villager (Male) |
| 12:01 | Build | Blacksmith |
| 12:43 | Research | Castle Age |
| 13:07 | Research | Horse Collar |
| 14:07 | Build | Lumber Camp |
| 14:20 | Create | Villager (Male) |
| 14:21 | Create | Villager (Male) |
| 15:23 | Age | Castle Age |
| 15:28 | Build | Town Center |
| 15:34 | Build | Town Center |
| 15:37 | Research | Bow Saw |
| 15:40 | Research | Heavy Plow |
| 16:04 | Create | Villager (Male) |
| 16:20 | Build | House |
| 16:28 | Build | Farm |
| 16:33 | Build | Farm |
| 16:37 | Build | Farm |
| 16:41 | Build | Farm |
| 16:50 | Build | Farm |
| 16:51 | Build | Farm |
| 16:52 | Build | Farm |
| 16:53 | Build | Farm |
| 16:55 | Create | Villager (Male) |
| 17:09 | Build | Farm |
| 17:14 | Build | Farm |
| 17:18 | Create | Villager (Male) |
| 17:18 | Create | Villager (Male) |
| 17:23 | Build | Farm |
| 17:30 | Build | Farm |
| 17:34 | Create | Villager (Male) |
| 17:41 | Build | Farm |
| 17:47 | Build | Farm |
| 17:53 | Build | Farm |
| 17:56 | Create | Villager (Male) |
| 18:03 | Build | Farm |
| 18:06 | Create | Villager (Male) |
| 18:15 | Create | Villager (Male) |
| 18:21 | Build | Farm |
| 18:22 | Build | Farm |
| 18:31 | Create | Villager (Male) |
| 18:38 | Build | Farm |
| 18:41 | Create | Villager (Male) |
| 18:52 | Build | Mining Camp |
| 18:56 | Create | Villager (Male) |
| 19:05 | Build | Farm |
| 19:06 | Build | Farm |
| 19:13 | Research | Wheelbarrow |
| 19:37 | Build | Town Center |
| 19:40 | Create | Villager (Male) |
| 19:41 | Create | Villager (Male) |
| 19:43 | Create | Villager (Male) |
| 19:43 | Create | Villager (Male) |
| 20:15 | Build | House |
| 20:16 | Build | House |
| 20:19 | Create | Villager (Male) |
| 20:21 | Create | Villager (Male) |
| 20:21 | Create | Villager (Male) |
| 20:24 | Create | Villager (Male) |
| 20:24 | Create | Villager (Male) |
| 20:30 | Research | Stone Mining |
| 20:39 | Build | House |
| 20:39 | Build | House |
| 20:41 | Build | House |
| 20:42 | Build | House |
| 20:47 | Build | House |
| 20:50 | Create | Villager (Male) |
| 20:55 | Create | Villager (Male) |
| 20:55 | Create | Villager (Male) |
| 21:12 | Build | Lumber Camp |
| 21:15 | Create | Villager (Male) |
| 21:17 | Create | Villager (Male) |
| 21:20 | Research | Gold Mining |
| 21:23 | Create | Villager (Male) |
| 21:23 | Create | Villager (Male) |
| 21:35 | Build | Monastery |
| 21:45 | Create | Villager (Male) |
| 21:45 | Create | Villager (Male) |
| 21:49 | Build | Farm |
| 21:51 | Create | Villager (Male) |
| 21:53 | Create | Villager (Male) |
| 21:58 | Create | Villager (Male) |
| 22:04 | Create | Villager (Male) |
| 22:04 | Create | Villager (Male) |
| 22:15 | Build | Mill |
| 22:18 | Build | Farm |
| 22:19 | Build | Farm |
| 22:19 | Build | Farm |
| 22:20 | Build | Farm |
| 22:23 | Build | Farm |
| 22:23 | Build | Farm |
| 22:24 | Build | Farm |
| 22:30 | Create | Villager (Male) |
| 22:30 | Create | Villager (Male) |
| 22:31 | Create | Villager (Male) |
| 22:39 | Create | Monk |
| 22:44 | Create | Villager (Male) |
| 22:45 | Create | Villager (Male) |
| 22:48 | Create | Villager (Male) |
| 22:48 | Create | Villager (Male) |
| 23:00 | Create | Villager (Male) |
| 23:43 | Build | Palisade Wall |
| 23:58 | Research | Hand Cart |
| 24:00 | Create | Villager (Male) |
| 24:00 | Create | Villager (Male) |
| 24:02 | Create | Villager (Male) |
| 24:02 | Create | Villager (Male) |
Build order — Meipul Tri
First 150 of 273 actions detected
| 0:02 | Create | Villager (Male) |
| 0:02 | Create | Villager (Male) |
| 0:03 | Build | House |
| 0:05 | Build | House |
| 0:09 | Create | Villager (Male) ×2 |
| 0:36 | Research | Loom |
| 0:37 | Create | Villager (Male) |
| 0:37 | Create | Villager (Male) |
| 0:37 | Create | Villager (Male) |
| 0:38 | Create | Villager (Male) |
| 1:09 | Build | Palisade Wall |
| 1:45 | Create | Villager (Male) |
| 1:45 | Create | Villager (Male) |
| 2:12 | Create | Villager (Male) |
| 2:44 | Build | House |
| 2:49 | Create | Villager (Male) |
| 3:00 | Create | Villager (Male) |
| 3:14 | Build | House |
| 3:28 | Create | Villager (Male) |
| 3:28 | Create | Villager (Male) |
| 3:53 | Build | Lumber Camp |
| 3:55 | Create | Villager (Male) |
| 4:17 | Create | Villager (Male) |
| 4:33 | Create | Villager (Male) |
| 5:27 | Create | Villager (Male) |
| 5:27 | Create | Villager (Male) |
| 5:36 | Build | Mill |
| 6:01 | Create | Villager (Male) |
| 6:01 | Create | Villager (Male) |
| 6:36 | Create | Villager (Male) |
| 6:43 | Create | Villager (Male) |
| 7:11 | Create | Villager (Male) |
| 7:37 | Build | Mining Camp |
| 7:45 | Create | Villager (Male) |
| 8:11 | Build | Mill |
| 8:18 | Create | Villager (Male) |
| 8:50 | Research | Feudal Age |
| 9:23 | Build | Palisade Wall |
| 9:31 | Build | Palisade Gate |
| 9:33 | Build | Palisade Wall |
| 9:41 | Build | House |
| 9:54 | Create | Villager (Male) |
| 9:54 | Create | Villager (Male) |
| 10:07 | Build | Mining Camp |
| 10:42 | Create | Villager (Male) |
| 11:28 | Research | Double-Bit Axe |
| 11:30 | Research | Horse Collar |
| 11:49 | Build | Market |
| 12:00 | Create | Villager (Male) |
| 12:16 | Create | Villager (Male) |
| 12:29 | Build | Blacksmith |
| 12:34 | Build | Blacksmith |
| 12:40 | Build | Palisade Gate |
| 12:47 | Create | Villager (Male) |
| 12:57 | Build | Farm |
| 13:27 | Create | Villager (Male) |
| 13:31 | Build | House |
| 13:33 | Build | Farm |
| 13:34 | Build | Farm |
| 13:34 | Build | Farm |
| 13:34 | Build | Farm |
| 13:35 | Build | Farm |
| 13:46 | Build | Farm |
| 13:56 | Build | House |
| 14:02 | Build | Farm |
| 14:36 | Build | Farm |
| 14:39 | Build | Farm |
| 14:43 | Build | Farm |
| 14:54 | Research | Castle Age |
| 15:00 | Build | Farm |
| 15:04 | Build | Farm |
| 15:48 | Build | Farm |
| 15:57 | Create | Villager (Male) |
| 15:57 | Create | Villager (Male) |
| 15:59 | Create | Villager (Male) |
| 16:02 | Create | Villager (Male) |
| 16:54 | Research | Gold Mining |
| 16:55 | Research | Stone Mining |
| 17:48 | Build | Town Center |
| 17:54 | Build | Town Center |
| 17:59 | Build | Farm |
| 18:08 | Build | Monastery |
| 18:10 | Create | Villager (Male) |
| 18:38 | Create | Villager (Male) |
| 18:47 | Research | Bow Saw |
| 18:48 | Research | Heavy Plow |
| 18:54 | Create | Monk |
| 19:15 | Create | Villager (Male) |
| 19:16 | Create | Villager (Male) |
| 19:16 | Create | Villager (Male) |
| 19:18 | Create | Villager (Male) |
| 19:23 | Build | Farm |
| 19:29 | Build | Farm |
| 19:35 | Build | Farm |
| 19:41 | Create | Villager (Male) |
| 19:41 | Create | Villager (Male) |
| 19:44 | Create | Villager (Male) |
| 20:22 | Create | Villager (Male) |
| 20:22 | Create | Villager (Male) |
| 20:22 | Create | Villager (Male) |
| 20:26 | Build | Farm |
| 20:26 | Build | Farm |
| 20:26 | Build | Farm |
| 20:28 | Build | Farm |
| 20:32 | Create | Villager (Male) |
| 20:38 | Build | Farm |
| 20:40 | Build | Farm |
| 20:50 | Create | Villager (Male) |
| 20:54 | Create | Villager (Male) |
| 20:57 | Build | Farm |
| 21:00 | Build | Farm |
| 21:03 | Create | Villager (Male) |
| 21:03 | Create | Villager (Male) |
| 21:08 | Build | Farm |
| 21:13 | Build | Farm |
| 21:20 | Build | Farm |
| 21:22 | Create | Villager (Male) |
| 21:22 | Create | Villager (Male) |
| 21:35 | Build | House |
| 21:37 | Build | House |
| 21:38 | Build | House |
| 21:49 | Build | Lumber Camp |
| 21:56 | Research | Stone Shaft Mining |
| 21:57 | Create | Villager (Male) |
| 21:57 | Create | Villager (Male) |
| 22:07 | Create | Villager (Male) |
| 22:29 | Build | Siege Workshop |
| 22:41 | Create | Villager (Male) |
| 22:43 | Create | Villager (Male) |
| 22:44 | Create | Villager (Male) |
| 22:47 | Build | Farm |
| 22:50 | Create | Villager (Male) |
| 22:53 | Create | Villager (Male) |
| 22:53 | Create | Villager (Male) |
| 22:55 | Create | Villager (Male) |
| 22:56 | Create | Villager (Male) |
| 23:17 | Build | Castle |
| 23:31 | Create | Villager (Male) |
| 23:31 | Create | Villager (Male) |
| 24:00 | Create | Villager (Male) |
| 24:01 | Create | Villager (Male) |
| 24:01 | Create | Villager (Male) |
| 24:03 | Create | Villager (Male) |
| 24:04 | Create | Villager (Male) |
| 24:05 | Create | Villager (Male) |
| 24:11 | Research | Wheelbarrow |
| 24:14 | Create | Villager (Male) |
| 24:14 | Create | Villager (Male) |
| 24:20 | Build | House |
| 24:22 | Build | House |
Build order — goodgraces1317
First 150 of 339 actions detected
| 0:01 | Create | Villager (Male) ×4 |
| 0:01 | Create | Villager (Male) ×4 |
| 0:03 | Build | House |
| 0:06 | Build | House |
| 1:36 | Create | Villager (Male) |
| 1:36 | Create | Villager (Male) |
| 2:05 | Create | Villager (Male) |
| 2:05 | Create | Villager (Male) |
| 2:13 | Build | Mill |
| 2:23 | Create | Villager (Male) |
| 2:23 | Create | Villager (Male) |
| 2:24 | Create | Villager (Male) |
| 2:58 | Create | Villager (Male) |
| 2:58 | Create | Villager (Male) |
| 3:01 | Build | House |
| 3:13 | Create | Villager (Male) |
| 3:13 | Create | Villager (Male) |
| 3:42 | Create | Villager (Male) |
| 3:42 | Create | Villager (Male) |
| 3:58 | Create | Villager (Male) |
| 4:28 | Create | Villager (Male) |
| 4:28 | Create | Villager (Male) |
| 4:46 | Build | Lumber Camp |
| 4:47 | Create | Villager (Male) |
| 4:47 | Create | Villager (Male) |
| 4:47 | Create | Villager (Male) |
| 5:20 | Create | Villager (Male) |
| 5:21 | Create | Villager (Male) |
| 5:34 | Create | Villager (Male) |
| 5:34 | Create | Villager (Male) |
| 5:39 | Build | House |
| 5:50 | Create | Villager (Male) |
| 5:50 | Create | Villager (Male) |
| 5:50 | Create | Villager (Male) |
| 6:30 | Create | Villager (Male) |
| 6:30 | Create | Villager (Male) |
| 6:30 | Create | Villager (Male) |
| 6:40 | Create | Villager (Male) |
| 6:40 | Create | Villager (Male) |
| 6:53 | Create | Villager (Male) |
| 7:13 | Build | House |
| 8:11 | Research | Feudal Age |
| 8:58 | Create | Villager (Male) |
| 9:29 | Build | Mining Camp |
| 10:15 | Create | Villager (Male) |
| 10:16 | Create | Villager (Male) |
| 10:33 | Age | Feudal Age |
| 10:38 | Create | Villager (Male) |
| 10:42 | Build | Market |
| 10:44 | Build | Blacksmith |
| 12:16 | Create | Villager (Male) |
| 12:33 | Build | House |
| 12:42 | Create | Villager (Male) |
| 13:08 | Research | Castle Age |
| 13:17 | Create | Villager (Male) |
| 13:17 | Create | Villager (Male) |
| 13:22 | Build | House |
| 13:53 | Build | Farm |
| 13:57 | Build | Farm |
| 13:59 | Build | Farm |
| 14:45 | Build | Farm |
| 14:52 | Build | Farm |
| 14:59 | Build | Farm |
| 15:04 | Build | Farm |
| 15:07 | Build | Farm |
| 15:10 | Build | Farm |
| 15:14 | Build | Farm |
| 15:29 | Build | Palisade Wall |
| 15:33 | Create | Villager (Male) |
| 15:33 | Create | Villager (Male) |
| 15:37 | Research | Double-Bit Axe |
| 15:42 | Research | Horse Collar |
| 15:48 | Age | Castle Age |
| 15:51 | Create | Villager (Male) |
| 16:00 | Build | Town Center |
| 16:13 | Build | Town Center |
| 16:20 | Create | Villager (Male) |
| 17:01 | Create | Villager (Male) |
| 17:12 | Build | Farm |
| 17:13 | Build | Farm |
| 17:26 | Build | Farm |
| 17:31 | Build | Farm |
| 17:35 | Build | Farm |
| 17:41 | Create | Villager (Male) |
| 17:41 | Create | Villager (Male) |
| 17:46 | Build | Farm |
| 17:49 | Create | Villager (Male) |
| 17:50 | Create | Villager (Male) |
| 17:57 | Build | Farm |
| 18:04 | Create | Villager (Male) |
| 18:04 | Create | Villager (Male) |
| 18:16 | Build | Farm |
| 18:20 | Create | Villager (Male) |
| 18:24 | Build | Farm |
| 18:29 | Build | Farm |
| 18:35 | Create | Villager (Male) |
| 18:35 | Create | Villager (Male) |
| 18:36 | Create | Villager (Male) |
| 18:36 | Create | Villager (Male) |
| 18:43 | Research | Wheelbarrow |
| 18:47 | Create | Villager (Male) |
| 18:47 | Create | Villager (Male) |
| 19:07 | Create | Villager (Male) |
| 19:08 | Create | Villager (Male) |
| 19:11 | Create | Villager (Male) |
| 19:34 | Build | Farm |
| 19:39 | Build | Farm |
| 19:41 | Create | Villager (Male) |
| 19:42 | Create | Villager (Male) |
| 19:47 | Build | Farm |
| 19:50 | Build | Farm |
| 19:56 | Build | Farm |
| 19:58 | Create | Villager (Male) |
| 19:58 | Create | Villager (Male) |
| 19:59 | Create | Villager (Male) |
| 20:04 | Build | Farm |
| 20:07 | Build | House |
| 20:13 | Create | Villager (Male) |
| 20:14 | Create | Villager (Male) |
| 20:17 | Create | Villager (Male) |
| 20:36 | Build | Farm |
| 20:37 | Create | Villager (Male) |
| 20:38 | Create | Villager (Male) |
| 20:39 | Create | Villager (Male) |
| 20:42 | Build | Farm |
| 20:59 | Build | Palisade Wall |
| 21:06 | Build | House |
| 21:07 | Build | House |
| 21:07 | Build | House |
| 21:08 | Build | House |
| 21:08 | Build | House |
| 21:23 | Create | Villager (Male) |
| 21:24 | Create | Villager (Male) |
| 21:24 | Create | Villager (Male) |
| 21:25 | Create | Villager (Male) |
| 21:28 | Research | Hand Cart |
| 21:32 | Research | Hand Cart |
| 21:39 | Build | House |
| 21:39 | Build | House |
| 21:39 | Build | House |
| 21:39 | Build | House |
| 21:42 | Build | House |
| 21:48 | Build | Monastery |
| 21:54 | Create | Villager (Male) |
| 21:54 | Create | Villager (Male) |
| 21:55 | Create | Villager (Male) |
| 22:03 | Build | Farm |
| 22:13 | Build | Farm |
| 22:17 | Build | Farm |
| 22:19 | Create | Villager (Male) |
Match timeline
| 1:09 | Meipul Tri · wall_segment Palisade Wall x12 |
| 9:23 | Meipul Tri · wall_segment Palisade Wall x1 |
| 9:33 | Meipul Tri · wall_segment Palisade Wall x1 |
| 10:32 | EvilSyd · age_up feudal |
| 10:33 | goodgraces1317 · age_up feudal |
| 11:32 | Kokotushar z Kokotharu · age_up feudal |
| 11:39 | Kokotushar z Kokotharu · wall_segment Palisade Wall x17 |
| 12:38 | KaktusakCZ · age_up feudal |
| 13:03 | Vaclav · age_up feudal |
| 13:42 | EvilSyd · first_market_buy 100 stone |
| 14:49 | Meipul Tri · first_market_sell 100 stone |
| 14:50 | Meipul Tri · first_market_buy 100 food |
| 15:13 | KaktusakCZ · wall_segment Stone Wall x9 |
| 15:23 | EvilSyd · age_up castle |
| 15:29 | goodgraces1317 · wall_segment Palisade Wall x10 |
| 15:48 | goodgraces1317 · age_up castle |
| 17:18 | KaktusakCZ · age_up castle |
| 17:25 | KaktusakCZ · first_market_buy 100 wood |
| 17:40 | KaktusakCZ · wall_segment Stone Wall x10 |
| 18:08 | Meipul Tri · first_building Monastery |
| 18:19 | goodgraces1317 · first_market_buy 100 wood |
| 20:32 | Kokotushar z Kokotharu · age_up castle |
| 20:59 | goodgraces1317 · wall_segment Palisade Wall x9 |
| 21:33 | Vaclav · age_up castle |
| 21:35 | EvilSyd · first_building Monastery |
| 21:48 | goodgraces1317 · first_building Monastery |
| 22:29 | Meipul Tri · first_building Siege Workshop |
| 22:47 | goodgraces1317 · wall_segment Palisade Wall x10 |
| 23:17 | Meipul Tri · first_building Castle |
| 23:43 | EvilSyd · wall_segment Palisade Wall x13 |
| 24:09 | KaktusakCZ · first_building Monastery |
| 24:13 | goodgraces1317 · first_building Barracks |
| 24:27 | KaktusakCZ · first_building Barracks |
| 24:40 | goodgraces1317 · first_building Siege Workshop |
| 25:16 | Kokotushar z Kokotharu · first_building Barracks |
| 26:08 | EvilSyd · first_building Castle |
| 27:05 | EvilSyd · first_market_sell 100 wood |
| 27:28 | goodgraces1317 · age_up imperial |
| 27:53 | EvilSyd · first_building Barracks |
| 28:43 | EvilSyd · first_building Siege Workshop |
| 28:55 | Kokotushar z Kokotharu · first_building Siege Workshop |
| 29:22 | Vaclav · first_building Castle |
| 29:23 | Meipul Tri · first_building Barracks |
| 29:24 | KaktusakCZ · first_building Castle |
| 30:23 | KaktusakCZ · first_building Stable |
| 30:38 | Vaclav · first_building Barracks |
| 30:43 | Vaclav · first_building Siege Workshop |
| 31:17 | EvilSyd · age_up imperial |
| 32:14 | goodgraces1317 · first_building Castle |
| 32:16 | Vaclav · first_building Stable |
| 34:39 | goodgraces1317 · first_market_sell 100 food |
| 34:50 | Vaclav · resign |
[ AI ANALYSIS · 1 CREDIT ]
What really happened in this match?
Wolo.gg analyzes every decision: build order, eco, micro, common mistakes by bracket. Personalized analysis on WhatsApp or Discord in 30 seconds.
Civ guide
Huns
Perfil
Jugador #4170913